 Dungeon Crawl Stone Soup version 0.29-a0-275-g389c0b56f3 (webtiles) character file.

Game seed: 14177999019116395513

453 Chaicat the Chopper (level 6, -1/55 HPs)
             Began as a Minotaur Fighter on Mar 10, 2022.
             Slain by a steam dragon (3 damage)
             ... on level 4 of the Dungeon.
             The game lasted 00:09:56 (3604 turns).

Chaicat the Chopper (Minotaur Fighter)              Turns: 3604, Time: 00:09:56

Health: -1/55      AC: 12    Str: 23    XL:     6   Next: 75%
Magic:  5/5        EV:  7    Int:  5    God:
Gold:   184        SH:  4    Dex:  9    Spells: 5/5 levels left

rFire   . . .      SeeInvis .   B - +2 war axe (freeze)
rCold   . . .      Faith    .   c - +0 buckler
rNeg    . . .      Spirit   .   g - +0 chain mail
rPois   .          Reflect  .   (helmet restricted)
rElec   .          Harm     .   p - +0 cloak
rCorr   .          Rampage  .   f - +0 pair of gloves
Will    .....                   (no boots)
Stlth   ..........              (no amulet)
HPRegen 0.18/turn               (no ring)
MPRegen 0.09/turn               (no ring)

@: no status effects
A: horns 2, retaliatory headbutt
a: no special abilities


You were on level 4 of the Dungeon.
You visited 1 branch of the dungeon, and saw 4 of its levels.

You collected 206 gold pieces.
You spent 22 gold pieces at shops.

Inventory:

Hand Weapons
 a - a +1 war axe
 j - a +1 flail of venom
 o - a +4 quarterstaff of chaos
 B - a +2 war axe of freezing (weapon)
Missiles
 n - 9 poisoned darts (quivered)
 q - 174 stones
 t - a throwing net
Armour
 c - a +0 buckler (worn)
 f - a +0 pair of gloves (worn)
 g - a +0 chain mail (worn)
 p - a +0 cloak (worn)
Wands
 s - a wand of iceblast (9)
 v - a wand of acid (14)
 x - a wand of paralysis (11)
Scrolls
 b - a scroll of immolation {unknown}
 h - a scroll of blinking {unknown}
 i - a scroll of enchant armour {unknown}
 k - a scroll of holy word {unknown}
 l - a scroll of silence {unknown}
 u - a scroll of enchant weapon
 w - a scroll of identify {unknown}
 y - 2 scrolls of teleportation {unknown}
 A - 3 scrolls of fear {unknown}
Potions
 d - a potion of might
 e - a potion of flight
 m - 2 potions of curing
 r - a potion of haste
 z - a potion of brilliance {unknown}


   Skills:
 * Level 4.8 Fighting
 * Level 5.9 Axes
 + Level 1.0 Throwing
 * Level 5.5 Armour
 * Level 5.0 Shields


You had 5 spell levels left.
You didn't know any spells.
Your spell library contained the following spells:

 Spells                   Type           Power      Damage    Failure   Level
 Sublimation of Blood     Necr           0%         N/A       100%        2
 Wereblood                Tmut           0%         N/A       100%        2
 Portal Projectile        Hex/Tloc       0%         N/A       100%        3
 Blade Hands              Tmut           0%         N/A       100%        5
 Excruciating Wounds      Necr           0%         N/A       100%        5
 Summon Hydra             Summ           0%         N/A       100%        7


Dungeon Overview and Level Annotations

Branches:
Dungeon (4/15)
 Temple: D:4-7

Altars:
Nemelex Xobeh

Shops:
D:3 (


Innate Abilities, Weirdness & Mutations

You have a pair of horns on your head.
You reflexively headbutt those who attack you in melee.


Message History

Found a long sword.
No target in view!
v - a wand of acid (14)
A steam dragon comes into view.
The steam dragon hisses angrily.
The steam dragon breathes steam at you. The ball of steam hits you!
An adder comes into view.
The adder hisses angrily.
The adder barely misses you. You furiously retaliate!
You headbutt the adder!
You kill the adder!
Your Shields skill increases to level 5!
The steam dragon breathes steam at you. The ball of steam hits you!
You are too injured to fight recklessly!
You hit the steam dragon but do no damage.
Your headbutt misses the steam dragon.
The steam dragon bites you but does no damage.
You block the steam dragon's attack. The steam dragon breathes steam at you.
The ball of steam hits you!
* * * LOW HITPOINT WARNING * * *
You hit the steam dragon. You freeze the steam dragon.
You headbutt the steam dragon.
The steam dragon is lightly wounded.
You are engulfed in a cloud of scalding steam.
* * * LOW HITPOINT WARNING * * *
You block the steam dragon's attack. The steam dragon claws you.
* * * LOW HITPOINT WARNING * * *
You slash the steam dragon! You freeze the steam dragon.
The steam dragon is almost dead.
You are engulfed in a cloud of scalding steam.
The steam dragon bites you!
* * * LOW HITPOINT WARNING * * *
The steam dragon claws you but does no damage.
You barely miss the steam dragon.
The steam dragon is almost dead.
You are engulfed in a cloud of scalding steam.
The steam dragon bites you.
You die...

#### ###### ...# .....#
...# .....# ####...# #
.....# ##.....# ...
.....# ###..##[.##...
..)..# ... #@D.#.....
.....######.# #.##......
.........#<.# ##.#.§.####
.........#.## #...§§##
...........####......#
.........#........#..#
.....†...##..........#
.........##)..<......#
.........##)###..##..####
###


You could see a steam dragon (catching breath).

Vanquished Creatures
  Sigmund (D:3)
  A jelly (D:4)
  3 hounds
  Crazy Yiuf (D:2)
  Ijyb (D:4)
  An iguana (D:4)
  3 adders
  2 worms
  A dart slug (D:1)
  An orc (D:3)
  7 ball pythons
  4 bats
  12 endoplasms
  4 giant cockroaches
  8 goblins
  11 hobgoblins
  4 quokkas
  6 frilled lizards
  5 kobolds
  3 rats
79 creatures vanquished.

Notes
Turn   | Place    | Note
-------+----------+-------------------------------------------
     0 | D:1      | Chaicat the Minotaur Fighter began the quest for the Orb.
     0 | D:1      | Reached XP level 1. HP: 19/19 MP: 0/0
   148 | D:1      | Reached XP level 2. HP: 27/27 MP: 1/1
   656 | D:1      | Reached XP level 3. HP: 33/33 MP: 2/2
  1593 | D:2      | Reached XP level 4. HP: 40/40 MP: 3/3
  1634 | D:2      | Found a runed translucent door.
  1635 | D:2      | Noticed Crazy Yiuf
  1745 | D:2      | Killed Crazy Yiuf
  1968 | D:3      | Found Duewk's Weapon Shoppe.
  1983 | D:3      | Bought 5 poisoned darts for 22 gold pieces
  2308 | D:3      | Reached XP level 5. HP: 47/47 MP: 4/4
  2459 | D:3      | Noticed Sigmund
  2481 | D:3      | Killed Sigmund
  2482 | D:3      | Reached skill level 5 in Axes
  2482 | D:3      | Reached skill level 5 in Armour
  2482 | D:3      | Reached XP level 6. HP: 41/53 MP: 5/5
  2631 | D:3      | Found a faded altar of an unknown god.
  3200 | D:4      | Noticed Ijyb
  3201 | D:4      | Paralysed by Ijyb for 7 turns
  3218 | D:4      | Killed Ijyb
  3458 | D:4      | Found a sparkling altar of Nemelex Xobeh.
  3506 | D:4      | Reached skill level 1 in Throwing
  3592 | D:4      | Noticed a steam dragon
  3598 | D:4      | Reached skill level 5 in Shields
  3603 | D:4      | HP: 2/55 [steam dragon (8)]
  3604 | D:4      | Slain by a steam dragon

Illustrated notes

Levels and vault maps discovered:
D:1:      sevenhm_arrival_forest_fort_large_3, layout_basic
D:2:      layout_loops_ring, uniq_crazy_yiuf_cottage
D:3:      minmay_door_path, layout_loops_corners, serial_shops, shop,
          ebering_ecumenical_altar_rust, uniq_sigmund
D:4:      layout_rooms, nemelex_altar_shiori, kennysheep_generic_room_14,
          uniq_ijyb

Skill      XL: |  1  2  3  4  5  6 |
---------------+-------------------+-----
Shields        | 4 5 |  5.0
Armour         | 4 5 |  5.5
Axes           | 3 4 5 |  5.9
Fighting       | 4 |  4.8
Throwing       | 1 |  1.0

Action                   |  1- 3 |  4- 6 || total
-------------------------+-------+-------++-------
Melee: War axe           |    67 |    83 ||   150
       Headbutt          |     9 |    22 ||    31
Throw: Dart              |    12 |    19 ||    31
  Use: Potion            |       |     3 ||     3
       Scroll            |       |     1 ||     1
Armor: Scale mail        |    10 |       ||    10
       Chain mail        |    28 |    40 ||    68
Dodge: Dodged            |    30 |    27 ||    57
Block: Buckler           |    12 |    14 ||    26

Table legend: (Time is in decaauts)
 A = Elapsed time spent in this place.
 B = Non-inter-level travel time spent in this place.
 C = Inter-level travel time spent in this place.
 D = Time resting spent in this place.
 E = Time spent auto-exploring this place.
 F = Levels seen in this place.
 G = Mean time per level.
                   A        B        C        D        E       F      G
               +--------+--------+--------+--------+--------+-----+--------+
         Total |   3635 |   3427 |    208 |    106 |   2682 |   4 |  908.8 |
       Dungeon |   3635 |   3427 |    208 |    106 |   2682 |   4 |  908.8 |
               +--------+--------+--------+--------+--------+-----+--------+

Top non-repeatable levels by time:
     D:3: 1313 daAuts
     D:2: 967 daAuts
     D:1: 901 daAuts
     D:4: 454 daAuts
